 Dungeon Crawl Stone Soup version 0.30-a0-587-gfd7c166f36 (webtiles) character file.

Game seed: 8886295973050064524

62392 M4edhros the Blocker (level 15, -26/157 HPs)
             Began as an Octopode Artificer on Jan 4, 2023.
             Was a High Priest of Cheibriados.
             Shot with a bolt by a tengu warrior (31 damage)
             ... on level 14 of the Dungeon.
             The game lasted 00:51:35 (11606 turns).

M4edhros the Blocker (Octopode Artificer)          Turns: 11606, Time: 00:51:36

Health: -26/157    AC:  5    Str: 30    XL:     15   Next: 6%
Magic:  29/29      EV: 30    Int: 36    God:    Cheibriados [*****.]
Gold:   418        SH: 16    Dex: 32    Spells: 11/14 levels left

rFire   x . .      SeeInvis .      - Unarmed
rCold   + . .      Faith    .    u - +0 kite shield of Vymeret {rElec rF- Regen+ Int+8}
rNeg    + . .      Spirit   .    (helmet restricted)
rPois   .          Reflect  .    t - amulet of magic regeneration
rElec   +          Harm     .    h - ring of protection from cold
rCorr   .          Rampage  .    f - ring of magical power
Will    +++..      Rage     3%   v - ring "Bisal" {Will+ AC+4 Int+3 Slay+6} Stlth
                                 F - ring of positive energy
HPRegen 1.26/turn                J - +5 ring of evasion
MPRegen 0.61/turn                (no ring)
                                 (no ring)
                                 (no ring)

@: berserking (expiring), very slow
A: almost no armour, amphibious, 8 rings, camouflage 1, gelatinous body 1,
(nimble swimmer 1), tentacles, berserk 1, dopey 1, strong-willed 1, strong 1
a: Renounce Religion, Bend Time, Temporal Distortion, Slouch, Step From Time


You were on level 14 of the Dungeon.
You worshipped Cheibriados.
Cheibriados was extremely pleased with you.
You visited 4 branches of the dungeon, and saw 22 of its levels.

You collected 2708 gold pieces.
You spent 2290 gold pieces at shops.

Inventory:

Missiles
 c - 6 silver javelins
 l - 20 poisoned darts (quivered)
 n - 7 curare-tipped darts
 r - 3 boomerangs of dispersal
 K - 3 javelins
Armour
 u - the +0 kite shield of Vymeret (worn) {rElec rF- Regen+ Int+8}
   (You acquired it on level 8 of the Dungeon)

   Int:       It affects your intelligence (+8).
   rF:        It makes you vulnerable to fire.
   rElec:     It insulates you from electricity.
   Regen:     It increases your rate of health regeneration.
Jewellery
 f - a ring of magical power (right tentacle)
 h - a ring of protection from cold (left tentacle)
 t - an amulet of magic regeneration (around mantle)
 v - the ring "Bisal" (on tentacle) {Will+ AC+4 Int+3 Slay+6}
   (You bought it in a shop on level 2 of the Orcish Mines)

   [ring of protection]

   AC:        It affects your AC (+4).
   Int:       It affects your intelligence (+3).
   Slay:      It affects your accuracy & damage with ranged weapons and melee
   (+6).
   Will:      It increases your willpower.
 F - a ring of positive energy (on tentacle)
 J - a +5 ring of evasion (on tentacle)
Wands
 d - a wand of charming (4)
 y - a wand of flame (2)
 E - a wand of polymorph (8)
 H - a wand of mindburst (5)
 I - a wand of digging (1)
Scrolls
 a - 10 scrolls of teleportation
 i - 2 scrolls of noise
 m - 4 scrolls of poison
 o - 3 scrolls of amnesia
 q - a scroll of immolation
 w - 3 scrolls of fear
 z - a scroll of enchant armour
 A - a scroll of vulnerability
 B - 2 scrolls of enchant weapon
 C - a scroll of silence
 D - 5 scrolls of identify
Potions
 b - 2 potions of berserk rage
 e - 2 potions of resistance
 g - a potion of cancellation
 j - a potion of curing
 k - a potion of flight
 p - 7 potions of brilliance
 s - a potion of might
 x - a potion of attraction
 G - a potion of lignification


   Skills:
 - Level 10.9 Fighting
 + Level 11.2 Dodging
 - Level 10.0 Stealth
 * Level 12.0 Shields
 - Level 10.3 Unarmed Combat
 - Level 5.9 Conjurations
 - Level 8.9 Hexes
 - Level 7.5 Invocations
 - Level 5.1 Evocations


You had 11 spell levels left.
You knew the following spells:

 Your Spells              Type           Power      Damage    Failure   Level
a - Dazzling Flash        Conj/Hex       100%       N/A       1%          3

Your spell library contained the following spells:

 Spells                   Type           Power      Damage    Failure   Level
 Summon Guardian Golem    Hex/Summ       32%        N/A       6%          3
 Summon Small Mammal      Summ           0%         N/A       13%         1
 Call Canine Familiar     Summ           0%         N/A       36%         3
 Gell's Gravitas          Tloc           0%         N/A       36%         3
 Teleport Other           Tloc           0%         N/A       36%         3
 Silence                  Hex/Air        16%        N/A       52%         5
 Animate Dead             Necr           0%         N/A       78%         4
 Passage of Golubria      Tloc           0%         N/A       78%         4
 Agony                    Necr           0%         N/A       98%         5
 Dispersal                Tloc           0%         N/A       100%        6
 Haunt                    Necr/Summ      0%         N/A       100%        7
 Infestation              Necr           0%         N/A       100%        8
 Lehudib's Crystal Spear  Conj/Erth      10%        10d4      100%        8


Dungeon Overview and Level Annotations

Branches:
Dungeon (14/15)            Temple (1/1) D:7            Lair (5/5) D:10
 Shoals (0/4) Lair:3        Snake (0/4) Lair:3        Slime (0/5) Lair:5
    Orc (2/2) D:11            Elf (0/3) Orc:2        Vaults (0/5) D:13

Altars:
Ashenzari
Cheibriados
Dithmenos
Elyvilon
Fedhas
Gozag
Hepliaklqana
Kikubaaqudgha
Makhleb
Nemelex Xobeh
Okawaru
Ru
Sif Muna
Trog
Uskayaw
Vehumet
Wu Jian
Xom
Yredelemnul
The Shining One
Jiyva

Shops:
D:4 *(*(   D:6 *   D:7 :   Orc:2 ??=[(

Annotations:
D:10 1 runed translucent door
D:11 1 exclusion
Lair:1 2 transporters, Decritt's ghost, journeyman DjHW


Innate Abilities, Weirdness & Mutations

You cannot wear most types of armour.
You are amphibious.
You can wear up to eight rings at the same time.
Your skin changes colour to match your surroundings (Stealth+).
Your rubbery body absorbs attacks. (AC +1, EV +1)
((You are camouflaged when in or above water. (Stealth+)))
You have tentacles for arms and can constrict up to eight enemies at once.
You sometimes lose your temper in combat.
You are dopey. (Int -2)
You are strong-willed. (Will+)
Your muscles are strong. (Str +4, Int/Dex -1)


Message History

The centaur warrior shoots an arrow.
You block the arrow.
Your Shields skill increases to level 12!
You batter the brown ugly thing!! You grab the brown ugly thing.
The brown ugly thing is moderately wounded.
You constrict the brown ugly thing.
The centaur warrior shoots an arrow.
You block the arrow.
The brown ugly thing closely misses you.
The brown ugly thing basks in the mutagenic energy from its kin and changes!
You batter the brown ugly thing!! You squeeze the brown ugly thing!!
The brown ugly thing is almost dead.
You constrict the brown ugly thing!
You kill the brown ugly thing!
Cheibriados thoroughly appreciates the change of pace.
The centaur warrior shoots an arrow.
You block the arrow.
The tengu warrior unwields a +3 great mace.
The tengu warrior wields a +0 arbalest.
The tengu warrior shoots a bolt.
The bolt closely misses you.
The centaur warrior unwields a +0 shortbow.
You block the centaur warrior's attack. The centaur warrior barely misses you.
You block the centaur warrior's attack.
The centaur warrior completely misses you.
The centaur warrior hits you!
* * * LOW HITPOINT WARNING * * *
The centaur warrior kicks you but does no damage.
You see here an ugly thing corpse.
You bludgeon the centaur warrior! You tentacle-slap the centaur warrior!
You squeeze the centaur warrior!!
The centaur warrior is severely wounded.
The centaur warrior hits you!
* * * LOW HITPOINT WARNING * * *
You block the centaur warrior's attack.
The tengu warrior shoots a bolt.
The bolt completely misses you.
You bludgeon the red ugly thing! Your grab misses the red ugly thing.
Your squeeze misses the red ugly thing.
The red ugly thing is moderately wounded.
You block the centaur warrior's attack.
The centaur warrior completely misses you.
The red ugly thing completely misses you.
The tengu warrior shoots a bolt.
The bolt hits you!!
You die...

......#.###
..........# ###..#.#<#
#..#)#.# #..#.#.# #
##########....#.# #.
#.............#.#
#..###c########.##.#(#
#..)u@†######...##.#.#
#.###...Q..##.# #....#
#.####.##(# #..### #.#
#.##.# #>....
#.####.##)###.####
#.#...)).......#
################


You could see a red ugly thing, a tengu warrior and a centaur warrior.

Vanquished Creatures
  Jorgrun (Orc:1)
  4 hydras
  4 catoblepae (Lair:5)
  Erolcha (Orc:2)
  An ogre mage (Orc:2)
  7 two-headed ogres
  2 centaur warriors (D:14)
  7 death yaks (Lair:5)
  An orc high priest (Orc:2)
  Nergalle (D:11)
  2 lindwurms
  A wizard (D:13)
  2 oklob plants
  A deep elf pyromancer (D:14)
  9 orc sorcerers (Orc:2)
  3 cyclopes
  8 ugly things (D:14)
  4 manticores
  Maurice (D:11)
  4 elephants (Lair:4)
  2 black mambas (Lair:2)
  Joseph (D:8)
  12 cane toads
  A torpor snail (Lair:5)
  An unseen horror (D:10)
  7 komodo dragons
  A rime drake (shapeshifter) (D:13)
  7 trolls
  A burning bush (Lair:5)
  Grinder (D:3)
  A wind drake (Lair:3)
  6 dream sheep (Lair:5)
  2 polar bears (Lair:5)
  A blink frog (shapeshifter) (D:13)
  17 blink frogs
  A centaur simulacrum (D:14)
  A vampire (D:14)
  Sigmund (D:2)
  3 slime creatures
  A shadow (D:12)
  3 wraiths
  2 wyverns
  34 yaks
  8 vampire mosquitoes
  A basilisk (Lair:1)
  4 wargs
  Menkaure (D:5)
  7 water moccasins
  3 nagas (Lair:3)
  An acid dragon (D:12)
  18 orc warriors
  2 black bears
  9 ogres
  4 centaurs
  3 kobold brigands
  8 bullfrogs
  A gnoll sergeant (D:10)
  2 scorpions
  2 necrophages (D:5)
  A water moccasin zombie (D:5)
  4 wights
  4 killer bees (D:8)
  11 howler monkeys
  2 electric eels
  2 bullfrog zombies (D:5)
  3 hounds
  3 jellies (Lair:5)
  2 gnoll boudas (D:9)
  A human zombie (D:5)
  12 orc priests
  Ijyb (D:3)
  Natasha (thrice) (D:2)
  33 orc wizards
  A killer bee zombie (D:5)
  2 mummies (D:5)
  2 howler monkey zombies (D:5)
  9 gnolls (D:9)
  6 adders
  A white imp (D:5)
  An ufetubus (D:5)
  2 worms
  4 dart slugs
  52 orcs
  6 endoplasms
  3 giant cockroaches
  5 goblins
  4 hobgoblins
  8 jackals
  8 kobolds
  4 quokkas
  3 ball pythons
  2 bats (D:3)
  A frilled lizard (D:1)
  3 rats
454 creatures vanquished.

Vanquished Creatures (collateral kills)
  A deep elf pyromancer (D:12)
  4 yaks
  A sky beast (D:7)
  2 hounds
  An orc priest (D:6)
  An orc (D:6)
  5 kobolds (D:7)
15 creatures vanquished.

Vanquished Creatures (others)
  An ugly thing (D:12)
  Psyche (D:12)
  A slime creature (D:12)
  2 yaks (D:10)
  A steam dragon (D:10)
  A wight (D:7)
  An electric eel (D:10)
  A hound (D:7)
  An orc wizard (Orc:2)
  3 fungi
  26 plants
39 creatures vanquished.

Grand Total: 508 creatures vanquished

Notes
Turn   | Place    | Note
-------+----------+-------------------------------------------
     0 | D:1      | M4edhros the Octopode Artificer began the quest for the
                  | Orb.
     0 | D:1      | Reached XP level 1. HP: 13/13 MP: 1/1
   141 | D:2      | Reached XP level 2. HP: 15/18 MP: 2/2
   182 | D:2      | Reached skill level 1 in Unarmed Combat
   255 | D:3      | Reached XP level 3. HP: 22/23 MP: 3/3
   272 | D:5      | Entered Level 5 of the Dungeon
   272 | D:5      | Noticed Menkaure
   277 | D:5      | Killed Menkaure
   278 | D:5      | Reached XP level 4. HP: 6/29 MP: 4/4
   278 | D:5      | Reached XP level 5. HP: 7/34 MP: 5/5
   387 | D:5      | Noticed an ogre
   422 | D:5      | Killed an ogre
   423 | D:5      | Reached XP level 6. HP: 41/41 MP: 6/6
   567 | D:5      | Noticed a yak
   708 | D:7      | Noticed a sky beast
   739 | D:7      | Killed a sky beast
   971 | D:7      | Found a staircase to the Ecumenical Temple.
  1009 | Temple   | Entered the Ecumenical Temple
  1058 | Temple   | Became a worshipper of Cheibriados the Contemplative
  1365 | D:2      | Noticed Natasha
  1369 | D:2      | Reached XP level 7. HP: 43/45 MP: 7/7
  1374 | D:2      | Killed Natasha
  1547 | D:2      | Noticed Natasha
  1550 | D:2      | Noticed Sigmund
  1555 | D:2      | Killed Natasha
  1564 | D:2      | Killed Sigmund
  1566 | D:2      | Noticed Natasha
  1573 | D:2      | Killed Natasha
  1725 | D:3      | Noticed Ijyb
  1737 | D:3      | Killed Ijyb
  1737 | D:3      | Reached * piety under Cheibriados
  1793 | D:3      | Found a white marble altar of Elyvilon.
  2141 | D:4      | Found Dagoh's Weapon Shop.
  2179 | D:3      | Found a shimmering blue altar of Sif Muna.
  2229 | D:3      | Noticed Grinder
  2232 | D:3      | Paralysed by Grinder for 4 turns
  2240 | D:3      | Paralysed by Grinder for 3 turns
  2255 | D:3      | Killed Grinder
  2256 | D:3      | Reached skill level 5 in Stealth
  2256 | D:3      | Reached skill level 5 in Unarmed Combat
  2256 | D:3      | Reached skill level 5 in Evocations
  2256 | D:3      | Reached XP level 8. HP: 13/53 MP: 8/8
  2535 | D:4      | Found Foticot's Assorted Antiques.
  2538 | D:4      | Found Ceismuf's Weapon Shop.
  2543 | D:4      | Bought a scroll labelled TUCYM VEBES for 26 gold pieces
  2543 | D:4      | Bought a scroll labelled JAUWOA XAOCULUSCH for 26 gold
                  | pieces
  2699 | D:4      | Found a sacrificial altar of Ru.
  2800 | D:4      | Found Vuixtos's Assorted Antiques.
  2870 | D:5      | Reached ** piety under Cheibriados
  3010 | D:5      | Found an ancient bone altar of Kikubaaqudgha.
  3071 | D:5      | Reached skill level 5 in Dodging
  3219 | D:5      | Noticed a yak
  3235 | D:5      | Killed a yak
  3236 | D:5      | Reached XP level 9. HP: 59/59 MP: 9/9
  3254 | D:5      | Reached skill level 5 in Fighting
  3330 | D:5      | Found a blossoming altar of Fedhas.
  3547 | D:6      | Reached *** piety under Cheibriados
  3620 | D:6      | Found Jeutig's General Store.
  3624 | D:6      | Bought a scroll of teleportation for 39 gold pieces
  3683 | D:6      | Learned a level 3 spell: Dazzling Flash
  3713 | D:7      | Found Huimadwuuk's Book Shop.
  3989 | D:7      | You fall into a shaft and drop 3 floors!
  3989 | D:10     | Entered Level 10 of the Dungeon
  3996 | D:10     | Found a radiant altar of Vehumet.
  3998 | D:10     | Found an iron altar of Okawaru.
  4007 | D:10     | Noticed a two-headed ogre
  4058 | D:10     | Killed a two-headed ogre
  4059 | D:10     | Reached skill level 1 in Conjurations
  4059 | D:10     | Reached XP level 10. HP: 32/68 MP: 10/10
  4120 | D:10     | Noticed a two-headed ogre
  4125 | D:10     | Gained mutation: You sometimes lose your temper in combat.
                  | [potion of mutation]
  4125 | D:10     | Gained mutation: You are dopey. (Int -2) [potion of
                  | mutation]
  4125 | D:10     | Gained mutation: Your muscles are strong. (Str +4, Int/Dex
                  | -1) [potion of mutation]
  4125 | D:10     | Gained mutation: You are strong-willed. (Will+) [potion of
                  | mutation]
  4145 | D:10     | Killed an unseen horror
  4149 | D:10     | Killed a two-headed ogre
  4149 | D:10     | Reached **** piety under Cheibriados
  4374 | D:10     | Found a staircase to the Lair.
  4384 | D:10     | Noticed a two-headed ogre
  4392 | D:10     | Killed a two-headed ogre
  4496 | D:10     | Noticed a +0 dagger
  4496 | D:10     | Noticed a +0 hand axe
  4502 | D:10     | Found a hide-covered altar of Uskayaw.
  4536 | D:9      | Found a shadowy altar of Dithmenos.
  4612 | D:9      | Reached XP level 11. HP: 72/74 MP: 11/11
  4741 | D:9      | Reached ***** piety under Cheibriados
  4914 | D:8      | Noticed Joseph
  4925 | D:8      | Killed Joseph
  4926 | D:8      | Reached skill level 5 in Hexes
  5020 | D:8      | Identified a scroll of acquirement
  5021 | D:8      | Acquired the +0 kite shield of Vymeret {rElec rF- Regen+
                  | Int+8}
  5298 | D:8      | Found a shimmering altar of Xom.
  5304 | D:8      | Found a shimmering altar of Xom.
  5310 | D:8      | Found a shimmering altar of Xom.
  5399 | D:10     | Noticed a sixfirhy
  5401 | D:10     | Found a runed translucent door.
  5566 | D:11     | Noticed Nergalle
  5569 | D:11     | Noticed a two-headed ogre
  5573 | D:11     | Noticed Maurice
  5579 | D:11     | Killed Nergalle
  5580 | D:11     | Reached skill level 1 in Shields
  5580 | D:11     | Reached skill level 1 in Invocations
  5585 | D:11     | Killed a two-headed ogre
  5600 | D:11     | Killed Maurice
  5646 | D:11     | Noticed a manticore
  5648 | D:11     | Found a hazy altar of Hepliaklqana.
  5702 | D:10     | Identified the +0 pair of boots of Roogguvi {rF+}
  5741 | D:11     | Reached skill level 10 in Stealth
  5741 | D:11     | Reached skill level 2 in Shields
  5741 | D:11     | Reached skill level 10 in Unarmed Combat
  5913 | D:12     | Noticed Psyche
  5982 | D:12     | Noticed a brown ugly thing
  5992 | D:12     | Your ally Psyche died
  6000 | D:12     | Noticed a deep elf pyromancer
  6005 | D:12     | Killed a deep elf pyromancer
  6099 | D:12     | Reached skill level 3 in Shields
  6282 | D:12     | Noticed a two-headed ogre
  6290 | D:12     | Killed a two-headed ogre
  6437 | D:13     | Noticed a two-headed ogre
  6447 | D:13     | Reached XP level 12. HP: 78/80 MP: 14/14
  6473 | D:13     | Killed a two-headed ogre
  6474 | D:13     | Reached skill level 4 in Shields
  6490 | D:13     | Found a gate to the Vaults.
  6670 | D:11     | Found a staircase to the Orcish Mines.
  6677 | Orc:1    | Entered Level 1 of the Orcish Mines
  6719 | Orc:2    | Entered Level 2 of the Orcish Mines
  6736 | Orc:2    | Reached skill level 5 in Invocations
  6751 | Orc:2    | HP: 1/80 [orc sorcerer/bolt of fire (45)]
  6759 | Orc:2    | Reached ****** piety under Cheibriados
  6812 | Orc:2    | Found a staircase to the Elven Halls.
  6865 | Orc:2    | Reached skill level 5 in Shields
  6919 | Orc:2    | Found Nahabunn's Antique Weapon Shop.
  7007 | Orc:1    | Reached skill level 5 in Conjurations
  7046 | Orc:1    | Noticed Jorgrun
  7063 | Orc:1    | Killed Jorgrun
  7220 | Orc:2    | Noticed an orc high priest
  7226 | Orc:2    | Noticed a soul eater
  7227 | Orc:2    | Killed an orc high priest
  7465 | Orc:1    | Noticed an orc warlord
  7675 | Orc:2    | Reached skill level 6 in Shields
  7681 | Orc:2    | Reached XP level 13. HP: 85/85 MP: 18/18
  7689 | Orc:2    | Found Pavveecu's Antique Armour Shop.
  7713 | Orc:2    | Found an ancient bone altar of Kikubaaqudgha.
  7722 | Orc:2    | Paralysed by an orc sorcerer for 2 turns
  7763 | Orc:2    | Noticed Erolcha
  7771 | Orc:2    | Found a radiant altar of Vehumet.
  7776 | Orc:2    | Killed Erolcha
  7798 | Orc:2    | Found Wobluecle's Magic Scroll Boutique.
  7806 | Orc:2    | Bought a scroll of teleportation for 36 gold pieces
  7806 | Orc:2    | Bought a scroll of teleportation for 36 gold pieces
  7806 | Orc:2    | Bought a scroll of fear for 48 gold pieces
  7806 | Orc:2    | Bought a scroll of fog for 48 gold pieces
  7806 | Orc:2    | Bought a scroll of amnesia for 48 gold pieces
  7806 | Orc:2    | Bought a scroll of poison for 48 gold pieces
  7879 | Orc:2    | Found Ciniqumu's Jewellery Boutique.
  7879 | Orc:2    | Found Midifitt's Magic Scroll Shop.
  7893 | Orc:2    | Bought a scroll of teleportation for 39 gold pieces
  7893 | Orc:2    | Bought a scroll of teleportation for 39 gold pieces
  7909 | Orc:2    | Bought the ring "Bisal" {Will+ AC+4 Int+3 Slay+6} for 1281
                  | gold pieces
  8614 | Lair:1   | Entered Level 1 of the Lair of Beasts
  8641 | Lair:1   | Found a transporter.
  8646 | Lair:1   | Noticed Decritt's ghost (journeyman DjHW)
  8657 | Lair:1   | Found a transporter.
  8690 | Lair:1   | Reached skill level 7 in Shields
  8891 | Lair:3   | HP: 2/86 [komodo dragon (26)]
  9144 | Lair:3   | Reached skill level 8 in Shields
  9251 | Lair:3   | Found a staircase to the Snake Pit.
  9496 | Lair:5   | Entered Level 5 of the Lair of Beasts
  9607 | Lair:4   | Reached skill level 9 in Shields
  9620 | Lair:5   | Reached XP level 14. HP: 97/97 MP: 19/19
  9746 | Lair:5   | Found a viscous altar of Jiyva.
  9746 | Lair:5   | Found a staircase to the Slime Pits.
  9827 | Lair:5   | Reached skill level 10 in Dodging
  9977 | Lair:5   | Reached skill level 10 in Shields
 10015 | Lair:5   | Reached skill level 10 in Fighting
 10602 | Lair:3   | Found a staircase to the Shoals.
 10615 | Lair:3   | Reached skill level 11 in Shields
 10833 | Orc:2    | Bought a +5 ring of evasion for 576 gold pieces
 11591 | D:14     | Reached XP level 15. HP: 49/105 MP: 20/20
 11602 | D:14     | Reached skill level 12 in Shields
 11605 | D:14     | HP: 4/157 [centaur warrior (13)]
 11606 | D:14     | Shot with a bolt by a tengu warrior

Illustrated notes

Levels and vault maps discovered:
D:1:      dpeg_arrival_simpleton_a, layout_basic
D:2:      layout_rooms, uniq_sigmund, uniq_natasha
D:3:      layout_basic, elyvilon_altar_1, kennysheep_orc_sif_temple, uniq_ijyb,
          uniq_grinder
D:4:      layout_loops_ring, nicolae_qazlal_general_emergency,
          hangedman_ru_absence, serial_shops, nicolae_shop_bloodbath_and_beyond,
          nicolae_square_shop, shop_fountains, shop
D:5:      layout_rooms, lemuel_mausoleum_altar_kikubaaqudgha,
          mainiacjoe_overflow_small_starburst, uniq_menkaure
D:6:      layout_cave_pools, serial_shops, nicolae_shop_waterfront
D:7:      layout_rooms, zin_scriptorium, minmay_temple_entry_tees, serial_shops,
          nicolae_stop_n_shop_1, amcnicky_mini_pool_small
D:8:      layout_gridville, xom_redecorated, uniq_joseph
D:9:      layout_basic, lemuel_round_altar
D:10:     cheibrodos_shockbox, layout_rooms, dancing_weapons_uskayaw,
          nicolae_overflow_squiral, lair_entry_dummy, minmay_chambers_of_fives
D:11:     cheibrodos_barr_body, layout_basic, orc_0_dummy,
          nicolae_hepliaklqana_hazy_memory, uniq_nergalle, uniq_maurice
D:12:     layout_irregular_city, uniq_psyche
D:13:     layout_stronghold, david_vaults_1
D:14:     minmay_statue_hallways, layout_loops_ring, ebering_ghost_rock_garden,
          hangedman_decor_diamond_cutter
Temple:   eino_wide_crystal_templ
Lair:1:   layout_layer_cave, gammafunk_ghost_arena, pdpol_lair_neglected_garden
Lair:2:   layout_cave_pods, grunt_megastairs_1, infiniplex_staircase_pool
Lair:3:   layout_gridlike, minmay_shoals_entry_beasts,
          minmay_snake_entry_guardpost_small, grunt_megastairs_2,
          serial_bayou_shore_b, lemuel_fruit_tree, serial_bayou_shore_a
Lair:4:   layout_hall_layers
Lair:5:   evilmike_catoblepas_cave, layout_regular_city,
          nicolae_slime_entry_slimehenge, evilmike_ambush
          [evilmike_ambush_outer_corners, evilmike_ambush_inner_basic]
Orc:1:    layout_caves, minmay_orc_barracks, uniq_jorgrun
Orc:2:    kennysheep_orc_mage_school, layout_diamond_mine, serial_shops,
          nicolae_shop_temple_entry_statues_fountains, david_defended_altar_orc

Skill      XL: |  1  2  3  4  5  6  7  8  9 10 11 12 13 14 15 |
---------------+----------------------------------------------+-----
Unarmed Combat | 1 2 3 5 6 8 9 10 | 10.3
Stealth        | 2 3 4 5 6 8 9 10 | 10.0
Fighting       | 2 3 4 5 6 9 10 | 10.9
Dodging        | 3 4 5 6 7 8 9 11 | 11.2
Evocations     | 4 5 |  5.1
Conjurations   | 1 3 4 5 |  5.9
Hexes          | 2 4 6 8 |  8.9
Shields        | 3 6 9 11 12 | 12.0
Invocations    | 3 6 7 |  7.5

Action                   |  1- 3 |  4- 6 |  7- 9 | 10-12 | 13-15 || total
-------------------------+-------+-------+-------+-------+-------++-------
Melee: Unarmed           |    33 |    32 |   206 |   366 |   401 ||  1038
       Constrict         |    11 |    11 |    53 |    78 |    53 ||   206
       Tentacles         |     6 |     8 |    54 |    97 |   133 ||   298
       Punch             |       |       |    15 |    36 |    41 ||    92
Throw: Dart              |       |       |       |     9 |       ||     9
 Cast: Dazzling Flash    |       |       |       |     5 |       ||     5
Invok: Slouch            |       |       |       |     2 |    11 ||    13
Evoke: Wand              |     1 |    14 |    21 |    24 |    22 ||    82
  Use: Potion            |       |     1 |     1 |     8 |     6 ||    16
       Scroll            |       |       |    12 |    13 |     5 ||    30
 Stab: Sleeping          |     4 |     1 |    29 |    13 |    18 ||    65
       Distracted        |       |       |     1 |     3 |     3 ||     7
       Betrayed ally     |       |       |     1 |     1 |       ||     2
       Invisible         |       |       |       |     4 |       ||     4
Armor: Skin              |     2 |     1 |     8 |    10 |    35 ||    56
Dodge: Dodged            |    16 |    28 |    91 |   197 |   258 ||   590
Block: Kite shield       |       |       |       |   175 |   283 ||   458

Table legend: (Time is in decaauts)
 A = Elapsed time spent in this place.
 B = Non-inter-level travel time spent in this place.
 C = Inter-level travel time spent in this place.
 D = Time resting spent in this place.
 E = Time spent auto-exploring this place.
 F = Levels seen in this place.
 G = Mean time per level.
                   A        B        C        D        E       F      G
               +--------+--------+--------+--------+--------+-----+--------+
         Total |  18056 |  15382 |   2674 |    423 |   5937 |  22 |  820.7 |
       Dungeon |  10538 |   9376 |   1162 |    423 |   4160 |  14 |  752.7 |
        Temple |     63 |     49 |     14 |      0 |     38 |   1 |   63.0 |
          Lair |   3697 |   3141 |    556 |      0 |    244 |   5 |  739.4 |
  Orcish Mines |   3757 |   2816 |    941 |      0 |   1494 |   2 | 1878.5 |
               +--------+--------+--------+--------+--------+-----+--------+

Top non-repeatable levels by time:
   Orc:2: 2592 daAuts
    D:13: 1330 daAuts
     D:5: 1187 daAuts
  Lair:5: 1166 daAuts
   Orc:1: 1164 daAuts
     D:3: 1085 daAuts
    D:12: 1067 daAuts
    D:11: 1022 daAuts
     D:8: 923 daAuts
  Lair:4: 909 daAuts
    D:10: 884 daAuts
  Lair:3: 720 daAuts
     D:7: 667 daAuts
     D:6: 554 daAuts
  Lair:2: 481 daAuts
